 Dungeon Crawl Stone Soup version 0.30-a0-297-g0ec75d9ef4 (webtiles) character file.

Game seed: 17110096921797644626

166 freelancePsychic the Vexing (level 5, -3/41 HPs)
             Began as a Gnoll Hexslinger on Oct 19, 2022.
             Was an Elder of Uskayaw.
             Slain by a quokka (5 damage)
             ... on level 4 of the Dungeon.
             The game lasted 00:04:20 (2414 turns).

freelancePsychic the Vexing (Gnoll Hexslinger)      Turns: 2414, Time: 00:04:21

Health: -3/41      AC:  2    Str:  9    XL:     5   Next: 47%
Magic:  9/9        EV: 14    Int: 13    God:    Uskayaw [****..]
Gold:   126        SH:  0    Dex: 18    Spells: 9/10 levels left

rFire   . . .      SeeInvis +    b - +2 short sword (elec)
rCold   + . .      Faith    .    (no shield)
rNeg    . . .      Spirit   .    c - +0 robe
rPois   .          Reflect  .    s - -1 helmet "Yrhadokh" {Will+ Dex+4}
rElec   .          Harm     .    (no cloak)
rCorr   .          Rampage  .    (no gloves)
Will    +....                    (no boots)
Stlth   ++........               (no amulet)
HPRegen 0.26/turn                q - ring of see invisible
MPRegen 0.11/turn                w - ring of protection from cold

@: mighty, attractive
A: fangs 1, strong nose, distributed training
a: Renounce Religion, Stomp, Line Pass


You were on level 4 of the Dungeon.
You worshipped Uskayaw.
Uskayaw was noncommittal.
You visited 1 branch of the dungeon, and saw 4 of its levels.

You collected 126 gold pieces.

Inventory:

Hand Weapons
 a - a +1 sling
 b - a +2 short sword of electrocution (weapon)
 x - a +0 morningstar
Missiles
 j - 2 throwing nets
 m - 2 atropa-tipped darts
 u - 2 poisoned darts
Armour
 c - a +0 robe (worn)
 h - a +0 pair of gloves
 s - the -1 helmet "Yrhadokh" (worn) {Will+ Dex+4}
   (You found it on level 2 of the Dungeon)

   Dex:       It affects your dexterity (+4).
   Will:      It increases your willpower.
 v - a +0 hat of intelligence
Jewellery
 q - a ring of see invisible (left hand)
 w - a ring of protection from cold (right hand)
Scrolls
 f - a scroll of immolation {unknown}
 i - a scroll of acquirement {unknown}
 k - 2 scrolls of enchant armour {unknown}
 l - 4 scrolls of teleportation {unknown}
 n - a scroll of poison
 o - 2 scrolls of noise {unknown}
 t - 2 scrolls of identify {unknown}
 y - a scroll of blinking {unknown}
Potions
 e - a potion of curing {@q1}
 r - 2 potions of flight


   Skills:
 + Level 3.0 Fighting
 + Level 1.6 Short Blades
 + Level 1.6 Long Blades
 + Level 1.6 Axes
 + Level 1.6 Maces & Flails
 + Level 1.6 Polearms
 + Level 1.6 Staves
 + Level 4.8 Ranged Weapons
 + Level 1.6 Throwing
 + Level 1.6 Armour
 + Level 4.8 Dodging
 + Level 1.6 Stealth
 + Level 1.6 Shields
 + Level 1.6 Unarmed Combat
 + Level 3.2 Spellcasting
 + Level 1.2 Conjurations
 + Level 5.5 Hexes
 + Level 1.2 Summonings
 + Level 1.2 Necromancy
 + Level 1.2 Translocations
 + Level 1.2 Transmutations
 + Level 1.2 Fire Magic
 + Level 1.2 Ice Magic
 + Level 1.2 Air Magic
 + Level 1.2 Earth Magic
 + Level 1.2 Poison Magic
 + Level 1.8 Invocations
 + Level 1.6 Evocations


You had 9 spell levels left.
You knew the following spells:

 Your Spells              Type           Power      Damage    Failure   Level
a - Slow                  Hex            64%        N/A       2%          1

Your spell library contained the following spells:

 Spells                   Type           Power      Damage    Failure   Level
 Inner Flame              Hex/Fire       11%        N/A       17%         3
 Portal Projectile        Hex/Tloc       22%        N/A       17%         3
 Cause Fear               Hex            8%         N/A       22%         4


Dungeon Overview and Level Annotations

Branches:
Dungeon (4/15)
 Temple: D:4-7

Altars:
Makhleb
Nemelex Xobeh
Uskayaw
The Shining One

Annotations:
D:3 Ijyb, Natasha


Innate Abilities, Weirdness & Mutations

You have very sharp teeth.
Your uncanny sense of smell can sniff out nearby items.
Your experience applies equally to all skills.


Message History

You puncture the phantom!
The phantom is severely damaged.
The hobgoblin shouts!
The phantom barely misses you. The hobgoblin barely misses you.
You hear a shout!
You can now pass through a line of other dancers.
You miss the phantom.
The phantom is severely damaged.
The phantom hits you!
The phantom blinks!
You blink.
The hobgoblin is attracted toward you.
You puncture the phantom! Lightning courses through the phantom!!
You destroy the phantom!
The hobgoblin completely misses you.
Your Fighting skill increases to level 3!
You have reached level 5!
You barely miss the hobgoblin. You bite the hobgoblin.
You kill the hobgoblin!
An ogre comes into view. It is wielding a +0 giant spiked club.
The ogre is attracted toward you.
Uskayaw will force your foes to helplessly watch your dance.
Uskayaw prepares the audience for your solo!
An iguana comes into view.
The iguana hisses angrily.
The ogre is no longer paralysed.
The ogre is attracted toward you. The iguana is attracted toward you.
The quokka is attracted toward you.
You puncture the ogre!
The ogre is moderately wounded.
The ogre misses you.
You hit the ogre.
The ogre is heavily wounded.
The iguana closely misses you. The quokka bites you.
Uskayaw will force your foes to share their pain.
Uskayaw links your audience in an emotional bond!
You barely miss the ogre.
The ogre is heavily wounded.
The ogre hits you with a +0 giant spiked club!!
Ouch! That really hurt!
* * * LOW HITPOINT WARNING * * *
The quokka bites you.
You die...

....## ...... ###
.....# ..### .. ..#
...#.# ##. §.#.. ..#...
##§###.# .....#..†
#Ol...###.....#... #
#@r....#.###.#W...
#.#.....#§....###.!.
#......#......#.###
##.....#..<..#.....
##.###.#......#..... #
#.....###....§#.....
##.#......#.###.#......
#..#.....#.....###.....
#......#......#.###.#


You could see an ogre (pain bonded), an iguana (pain bonded) and a quokka (pain
bonded).

Vanquished Creatures
  A phantom (D:4)
  3 adders (D:2)
  2 worms (D:2)
  A dart slug (D:2)
  2 endoplasms
  A giant cockroach (D:2)
  9 goblins
  5 hobgoblins
  3 jackals (D:2)
  8 kobolds
  5 quokkas
  A ball python (D:3)
  5 bats
  2 frilled lizards
  4 rats
52 creatures vanquished.

Notes
Turn   | Place    | Note
-------+----------+-------------------------------------------
     0 | D:1      | freelancePsychic the Gnoll Hexslinger began the quest for
                  | the Orb.
     0 | D:1      | Reached XP level 1. HP: 17/17 MP: 4/4
   774 | D:1      | Reached XP level 2. HP: 23/23 MP: 5/5
   920 | D:2      | Identified the -1 helmet "Yrhadokh" {Will+ Dex+4}
  1049 | D:2      | Reached XP level 3. HP: 28/28 MP: 7/7
  1052 | D:2      | Reached skill level 1 in Invocations
  1309 | D:2      | Reached skill level 1 in Short Blades
  1309 | D:2      | Reached skill level 1 in Long Blades
  1309 | D:2      | Reached skill level 1 in Axes
  1309 | D:2      | Reached skill level 1 in Maces & Flails
  1309 | D:2      | Reached skill level 1 in Polearms
  1309 | D:2      | Reached skill level 1 in Staves
  1309 | D:2      | Reached skill level 1 in Throwing
  1309 | D:2      | Reached skill level 1 in Armour
  1309 | D:2      | Reached skill level 1 in Stealth
  1309 | D:2      | Reached skill level 1 in Shields
  1309 | D:2      | Reached skill level 1 in Unarmed Combat
  1309 | D:2      | Reached skill level 1 in Evocations
  1321 | D:2      | Reached XP level 4. HP: 17/34 MP: 8/8
  1801 | D:3      | Found a burning altar of Makhleb.
  1863 | D:3      | Noticed Natasha
  1912 | D:3      | Reached skill level 1 in Conjurations
  1912 | D:3      | Reached skill level 1 in Summonings
  1912 | D:3      | Reached skill level 1 in Necromancy
  1912 | D:3      | Reached skill level 1 in Translocations
  1912 | D:3      | Reached skill level 1 in Transmutations
  1912 | D:3      | Reached skill level 1 in Fire Magic
  1912 | D:3      | Reached skill level 1 in Ice Magic
  1912 | D:3      | Reached skill level 1 in Air Magic
  1912 | D:3      | Reached skill level 1 in Earth Magic
  1912 | D:3      | Reached skill level 1 in Poison Magic
  1938 | D:3      | Noticed an ogre
  2308 | D:4      | Found a sparkling altar of Nemelex Xobeh.
  2308 | D:4      | Found a glowing golden altar of the Shining One.
  2308 | D:4      | Found a hide-covered altar of Uskayaw.
  2321 | D:4      | Became a worshipper of Uskayaw the Reveller
  2369 | D:4      | Noticed a phantom
  2388 | D:3      | Reached * piety under Uskayaw
  2390 | D:3      | Noticed Ijyb
  2407 | D:4      | Reached ** piety under Uskayaw
  2409 | D:4      | Killed a phantom
  2410 | D:4      | Reached XP level 5. HP: 30/41 MP: 9/9
  2410 | D:4      | Noticed an ogre
  2410 | D:4      | Reached *** piety under Uskayaw
  2413 | D:4      | Reached **** piety under Uskayaw
  2414 | D:4      | HP: 2/41 [ogre/+0 giant spiked club (27)]
  2414 | D:4      | Slain by a quokka

Illustrated notes

Levels and vault maps discovered:
D:1:      nzn_arrival_crosshair, layout_basic
D:2:      layout_loops_ring, solitary_fountain, kennysheep_nondescript
D:3:      layout_loops_corners, old_standard_altar, gammafunk_ghost_cemetery,
          minmay_ogre_servants, uniq_natasha, uniq_ijyb
D:4:      nicolae_BIG_FREAKIN_CUBE, layout_rooms, minitemple,
          nicolae_figureground_pulse

Skill      XL: |  1  2  3  4 |
---------------+-------------+-----
Invocations    | 1 |  1.8
Short Blades   | 1 |  1.6
Long Blades    | 1 |  1.6
Axes           | 1 |  1.6
Maces & Flails | 1 |  1.6
Polearms       | 1 |  1.6
Staves         | 1 |  1.6
Throwing       | 1 |  1.6
Armour         | 1 |  1.6
Stealth        | 1 |  1.6
Shields        | 1 |  1.6
Unarmed Combat | 1 |  1.6
Evocations     | 1 |  1.6
Spellcasting   | 3 |  3.2
Conjurations   | 1 |  1.2
Summonings     | 1 |  1.2
Necromancy     | 1 |  1.2
Translocations | 1 |  1.2
Transmutations | 1 |  1.2
Fire Magic     | 1 |  1.2
Ice Magic      | 1 |  1.2
Air Magic      | 1 |  1.2
Earth Magic    | 1 |  1.2
Poison Magic   | 1 |  1.2
Fighting       | 3 |  3.0
Ranged Weapons | |  4.8
Dodging        | |  4.8
Hexes          | |  5.5

Action                   |  1- 3 |  4- 6 || total
-------------------------+-------+-------++-------
Melee: Short sword       |     1 |    30 ||    31
       Bite              |       |     3 ||     3
 Fire: Sling             |   126 |    32 ||   158
 Cast: Slow              |     2 |     1 ||     3
  Use: Scroll            |     1 |       ||     1
       Potion            |       |     6 ||     6
Armor: Robe              |    20 |     4 ||    24
Dodge: Dodged            |    58 |    28 ||    86

Table legend: (Time is in decaauts)
 A = Elapsed time spent in this place.
 B = Non-inter-level travel time spent in this place.
 C = Inter-level travel time spent in this place.
 D = Time resting spent in this place.
 E = Time spent auto-exploring this place.
 F = Levels seen in this place.
 G = Mean time per level.
                   A        B        C        D        E       F      G
               +--------+--------+--------+--------+--------+-----+--------+
         Total |   2416 |   2184 |    232 |      0 |   1749 |   4 |  604.0 |
       Dungeon |   2416 |   2184 |    232 |      0 |   1749 |   4 |  604.0 |
               +--------+--------+--------+--------+--------+-----+--------+

Top non-repeatable levels by time:
     D:2: 931 daAuts
     D:1: 867 daAuts
     D:3: 327 daAuts
     D:4: 289 daAuts
